Map: Ascension to Aiur LE

Players

cowboymoses - Winner!

  • Race: Protoss Protoss
  • League: Bronze
  • Spawn Location: 5:00

Yata

  • Race: Zerg Zerg
  • League: Bronze
  • Spawn Location: 11:00

VOD

Have the link to the VOD?

Description

Time

  • Played on: July 9, 2017, 8:38 p.m.
  • Length: 19:17
Show
View Real Time Build Order
Export as new Build Order

cowboymoses Protoss - Winner!

Build Orders: Oracle Opening 

Get SALT Encoding   

  12  0:01  Probe (Chrono Boost)  
  13  0:12  Probe (Chrono Boost)  
  14  0:20  Pylon  
  14  0:23  Probe (Chrono Boost)  
  15  0:40  Gateway  
  15  0:47  Gateway  
  15  0:54  Probe (Chrono Boost)  
  16  0:57  Assimilator  
  16  1:06  Pylon  
  16  1:21  Probe (Chrono Boost)  
  17  1:26  Assimilator  
  17  1:31  Probe (Chrono Boost)  
  18  1:34  Cybernetics Core  
  18  1:42  Probe (Chrono Boost)  
  18  1:43  Zealot  
  21  1:57  Zealot  
  23  2:04  Probe (Chrono Boost)  
  24  2:14  Probe (Chrono Boost)  
  25  2:18  Stargate  
  25  2:25  Adept  
  25  2:26  Adept  
  29  2:33  Warp Gate  
  29  2:52  Robotics Facility  
  29  3:17  Nexus  
  29  3:35  Pylon  
  29  3:44  Pylon  
  29  3:52  Oracle  
  32  3:57  Gateway  
  32  4:12  Immortal  
  36  4:24  Gateway  
  36  4:29  Probe (Chrono Boost)  
  37  4:39  Probe (Chrono Boost)  
  37  4:42  Probe (Chrono Boost)  
  39  4:50  Probe (Chrono Boost)  
  40  4:54  Immortal  
  44  5:01  Probe (Chrono Boost)  
  44  5:05  Probe (Chrono Boost)  
  46  5:12  Probe (Chrono Boost)  
  47  5:26  Probe (Chrono Boost)  
  47  5:27  Probe (Chrono Boost)  
  49  5:29  Assimilator  
  49  5:31  Stalker x2  
  53  5:36  Probe (Chrono Boost)  
  53  5:37  Probe (Chrono Boost)  
  55  5:49  Probe (Chrono Boost)  
  53  5:50  Probe (Chrono Boost)  
  53  5:54  Immortal  
  53  5:56  Sentry  
  60  5:59  Sentry  
  62  6:07  Pylon  
  62  6:24  Probe x2 (Chrono Boost)  
  60  6:29  Stalker x3  
  60  6:30  Stalker  
  62  6:33  Warp Prism  
  62  6:34  Probe (Chrono Boost)  
  62  6:38  Oracle  
  68  6:45  Probe (Chrono Boost)  
  69  6:52  Pylon  
  69  6:55  Probe (Chrono Boost)  
  70  7:09  Pylon  
  70  7:11  Immortal, Stalker x2  
  78  7:21  Assimilator  
  78  7:25  Gateway  
  78  7:27  Forge, Probe (Chrono Boost)  
  79  7:33  Probe (Chrono Boost)  
  80  7:37  Probe (Chrono Boost)  
  80  7:43  Probe (Chrono Boost)  
  82  7:48  Probe (Chrono Boost)  
  81  7:54  Mothership Core (Chrono Boost)  
  83  8:06  Nexus  
  83  8:15  Pylon  
  83  8:16  Immortal  
  86  8:28  Pylon  
  86  8:40  Nexus  
  85  8:49  Stalker  
  85  8:50  Stalker x3  
  85  8:55  Immortal, Void Ray  
  101  9:12  Probe (Chrono Boost)  
  101  9:16  Nexus  
  102  9:25  Pylon  
  102  9:30  Pylon  
  102  9:36  Pylon  
  102  9:43  Probe (Chrono Boost)  
  102  9:45  Twilight Council  
  103  9:50  Forge  
  103  9:56  Probe (Chrono Boost)  
  103  9:59  Protoss Ground Weapons Level 1  
  104  10:22  Blink  
  104  10:25  Protoss Shields Level 1  
  104  10:30  Void Ray  
  104  10:34  Immortal  
  112  10:43  Probe (Chrono Boost)  
  112  10:48  Probe (Chrono Boost)  
  114  10:50  Assimilator  
  114  10:54  Probe (Chrono Boost)  
  115  10:59  Probe (Chrono Boost)  
  116  11:04  Probe (Chrono Boost)  
  116  11:09  Probe (Chrono Boost)  
  118  11:15  Probe (Chrono Boost)  
  118  11:20  Stalker x3  
  118  11:21  Stalker x2  
  128  11:26  Void Ray  
  132  11:35  Pylon  
  132  11:36  Probe (Chrono Boost)  
  133  11:46  Pylon  
  133  11:53  Probe x2 (Chrono Boost)  
  133  11:54  Protoss Ground Armor Level 1  
  135  11:58  Pylon  
  135  12:03  Probe x2 (Chrono Boost)  
  137  12:14  Probe (Chrono Boost)  
  138  12:19  Protoss Ground Weapons Level 2  
  138  12:22  Robotics Bay  
  129  12:23  Charge  
  123  12:43  Immortal  
  123  12:44  Void Ray  
  127  12:45  Stalker  
  127  12:46  Stalker x4  
  141  12:55  Probe (Chrono Boost)  
  142  13:00  Assimilator  
  142  13:02  Probe (Chrono Boost)  
  144  13:05  Probe (Chrono Boost)  
  144  13:08  Probe (Chrono Boost)  
  145  13:13  Probe (Chrono Boost)  
  145  13:16  Probe (Chrono Boost)  
  147  13:22  Immortal  
  146  13:28  Void Ray  
  130  14:15  Pylon  
  130  14:18  Gateway  
  130  14:19  Pylon, Gateway  
  130  14:22  Gateway  
  130  14:23  Colossus  
  130  14:25  Pylon  
  130  14:26  Void Ray  
  130  14:29  Pylon  
  140  14:35  Protoss Shields Level 2  
  80  15:09  Void Ray  
  80  15:11  Stalker  
  80  15:12  Stalker x4  
  94  15:17  Colossus  
  96  15:35  Stalker x3  
  91  15:36  Stalker x2  
  84  15:52  Void Ray  
  84  16:05  Stargate  
  84  16:07  Stargate  
  67  16:34  Void Ray, Stalker x4  
  67  16:38  Probe (Chrono Boost)  
  80  16:49  Gateway x2  
  80  16:52  Gateway  
  80  16:55  Gateway  
  80  16:58  Gateway  
  80  17:02  Gateway  
  80  17:07  Stalker  
  80  17:08  Stalker  
  84  17:11  Pylon  
  84  17:17  Void Ray  
  88  17:42  Nexus  
  82  18:07  Stalker x4  
  86  18:31  Void Ray  
  86  19:10  Stalker x2  
  86  19:11  Stalker x3  
  86  19:12  Stalker  
Show
View Real Time Build Order
Export as new Build Order

Yata Zerg 

Build Orders: Pool First 

Get SALT Encoding   

  12  0:01  Drone  
  13  0:13  Overlord  
  13  0:19  Drone  
  14  0:31  Drone x2  
  14  0:35  Drone  
  17  0:46  Drone  
  18  0:50  Extractor  
  18  0:55  Spawning Pool  
  16  0:57  Drone  
  17  1:21  Hatchery  
  16  1:27  Drone x2  
  16  1:32  Drone  
  19  1:43  Overlord  
  19  1:55  Queen  
  19  1:57  Metabolic Boost  
  21  2:01  Zergling x2  
  21  2:03  Zergling x2  
  23  2:20  Drone  
  24  2:27  Drone  
  25  2:32  Queen  
  27  2:43  Drone  
  28  2:47  Drone x3  
  31  2:54  Drone  
  31  2:55  Overlord  
  30  3:22  Baneling Nest  
  29  3:28  Pneumatized Carapace  
  29  3:33  Extractor  
  28  3:35  Extractor, Drone x2  
  28  3:36  Drone x4  
  33  3:48  Drone x3  
  36  3:53  Hatchery  
  35  4:14  Queen  
  37  4:19  Zergling x2  
  37  4:20  Zergling x12  
  44  4:26  Overlord x3  
  44  4:47  Evolution Chamber  
  43  4:55  Queen  
  45  5:03  Drone  
  45  5:04  Drone x5  
  51  5:16  Spore Crawler  
  51  5:19  Spore Crawler  
  48  5:53  Drone x5  
  48  5:54  Drone x2  
  48  5:56  Baneling x12  
  55  6:03  Lair  
  55  6:18  Drone x2  
  56  6:19  Drone x4  
  56  6:20  Drone x3  
  57  6:46  Zerg Missile Weapons Level 1  
  57  7:04  Zergling x18  
  57  7:05  Zergling x16  
  74  7:20  Overlord x3  
  74  7:37  Hydralisk Den  
  74  7:43  Infestation Pit  
  72  7:46  Spire  
  63  8:17  Queen  
  65  8:20  Hive  
  65  8:33  Hatchery  
  77  9:01  Overlord  
  77  9:02  Overlord x3  
  77  9:28  Burrow  
  77  9:37  Ultralisk Cavern  
  76  10:22  Viper  
  76  10:23  Viper x3  
  76  10:26  Hydralisk  
  76  10:27  Hydralisk x14  
  118  10:39  Overlord x3  
  118  10:40  Overlord x2  
  118  11:25  Hydralisk  
  118  11:26  Hydralisk x8  
  136  11:55  Ultralisk  
  142  12:03  Extractor  
  141  12:54  Muscular Augments  
  77  13:55  Zergling x2  
  77  13:56  Zergling x36  
  77  13:57  Zergling x50  
  121  14:04  Ultralisk x5  
  151  14:20  Zerg Melee Weapons Level 1  
  151  14:27  Ultralisk  
  120  15:03  Hydralisk  
  120  15:04  Hydralisk x5  
  124  15:23  Hydralisk  
  124  15:24  Hydralisk x2  
  109  16:01  Viper  
  108  16:11  Hydralisk x4  
  84  16:39  Extractor  
  83  16:48  Extractor  
  82  17:19  Ultralisk  
  88  17:24  Hydralisk  
  90  17:56  Hatchery  
  66  18:07  Hydralisk x6  
  66  18:08  Hydralisk  
  67  18:12  Hatchery  
  50  18:44  Zergling x2  
  50  18:45  Zergling x18  
Tags
 
Add a new tag
Caveats
  • Supply blocks, unpowered buildings, or Contaminate may cause inaccurate times.
  • Supply counts are checked every 10 seconds.